 Dungeon Crawl Stone Soup version 0.15-a0-411-g153a95e (webtiles) character file.

312 Leibowitz the Poker (level 5, 0/48 HPs)
             Began as a Demigod Gladiator on May 4, 2014.
             Killed from afar by an orc wizard (6 damage)
             ... with a magic dart
             ... on Level 3 of the Dungeon.
             The game lasted 00:06:29 (1591 turns).

Leibowitz the Poker (Demigod Gladiator)             Turns: 1591, Time: 00:06:29

HP   0/48        AC  4     Str 19      XL: 5   Next: 35%
MP   8/8         EV 15     Int 12      God:
Gold 95          SH  0     Dex 18      Spells:  0 memorised,  4 levels left

rFire  . . .     SeeInvis .     a - +0 trident
rCold  . . .     Clarity  .     b - +0 leather armour
rNeg   . . .     Conserve .     (no shield)
rPois  .         rCorr    .     c - +0 helmet
rElec  .         rRot     .     (no cloak)
SustAb . .       Spirit   .     (no gloves)
rMut   .         Warding  .     (no boots)
Saprov . . .     Stasis   .     (no amulet)
MR     .....                    (no ring)
                                (no ring)

@: not resistant to hostile enchantments, fairly stealthy
A: no striking features
a: no special abilities


You were on level 3 of the Dungeon.
You were hungry.

You visited 1 branch of the dungeon, and saw 3 of its levels.

You collected 95 gold pieces.

Inventory:

Hand weapons
 a - a +0,+0 trident (weapon)
Missiles
 d - 4 throwing nets (quivered)
 r - 5 needles of slowing
Armour
 b - a +0 leather armour (worn)
 c - a +0 helmet (worn)
Comestibles
 f - 2 bread rations
 s - a chunk of giant cockroach flesh
 t - a rotting chunk of rat flesh
Scrolls
 g - a scroll of enchant weapon II {unknown}
 i - 2 scrolls of amnesia
 j - a scroll of fog {unknown}
 k - a scroll of identify {unknown}
 l - 3 scrolls of random uselessness {unknown}
 m - a scroll of blinking {unknown}
 n - a scroll of recharging {unknown}
 o - a scroll of enchant weapon I {unknown}


   Skills:
 * Level 5.3 Fighting
 * Level 5.9 Polearms
 + Level 3.8 Throwing
 + Level 3.4 Armour
 + Level 5.0 Dodging
 * Level 5.3 Stealth


You had 4 spell levels left.
You didn't know any spells.

Dungeon Overview and Level Annotations

Branches:
Dungeon (3/15)


Message History

You hit something but do no damage. Something hits you.
* * * LOW HITPOINT WARNING * * *
Drink which item? (? for menu, Esc to quit)
You feel more experienced!
Your Fighting skill gained 3 levels and is now at level 5!
Your Polearms skill gained 2 levels and is now at level 5!
Your Throwing skill gained 2 levels and is now at level 3!
Your Armour skill gained 2 levels and is now at level 3!
Your Dodging skill gained 2 levels and is now at level 5!
Your Stealth skill gained 4 levels and is now at level 5!
It was a potion of experience.
You have reached level 5!
Something barely misses you.
Read which item? (? for menu, Esc to quit)
As you read the scroll labeled UCAQISE KIKEG, it crumbles to dust.
You feel forgetful for a moment.
It was a scroll of amnesia.
You are feeling hungry.
You hear some strange, mumbled words.
The magic dart hits you!
You die...

###.P.P.#.# #...#
#.._....# ###.#
#.P.P.### #.# .
#.....# #.. #..#
#.#...# #... #..#
#.#...# #.... #..#
#.#...# # #..# #.#...#
#..# #@#...# #..#
#.###.# #
######..####.###....#
..........)..........#
######..####.###....#
.######..###≈≈≈≈≈.##.
............≈###≈...
.##...#.g##.≈≈≈≈≈.#
.............≈≈#≈≈...


There were no monsters in sight!

Vanquished Creatures
  The ghost of nickanc the Magician, a weakling OpWz (D:3)
  Ijyb (D:3)
  An adder (D:2)
  3 giant geckos
  2 orcs (D:3)
  5 giant cockroaches
  3 hobgoblins
  5 kobolds
  5 bats
  3 giant newts
  7 goblins
  2 quokkas
  7 rats
45 creatures vanquished.

Notes
Turn   | Place    | Note
--------------------------------------------------------------
     0 | D:1      | Leibowitz, the Demigod Gladiator, began the quest for the Orb.
     0 | D:1      | Reached XP level 1. HP: 17/17 MP: 2/2
   330 | D:1      | Reached XP level 2. HP: 24/24 MP: 3/3
   348 | D:1      | Reached skill level 3 in Polearms
  1085 | D:2      | Reached XP level 3. HP: 29/29 MP: 5/5
  1321 | D:3      | Found a basalt altar of Yredelemnul.
  1321 | D:3      | Noticed nickanc's ghost (weakling OpWz)
  1383 | D:3      | Killed nickanc's ghost
  1383 | D:3      | Reached skill level 1 in Stealth
  1383 | D:3      | Reached XP level 4. HP: 21/36 MP: 7/7
  1541 | D:3      | Noticed Ijyb
  1558 | D:3      | Reached skill level 1 in Armour
  1569 | D:3      | Killed Ijyb
  1590 | D:3      | Reached skill level 5 in Fighting
  1590 | D:3      | Reached skill level 5 in Polearms
  1590 | D:3      | Reached skill level 5 in Dodging
  1590 | D:3      | Reached skill level 5 in Stealth
  1590 | D:3      | Reached XP level 5. HP: 6/48 MP: 8/8
  1591 | D:3      | Killed from afar by an orc wizard

Action                   |  1- 3 |  4- 6 || total
-------------------------+-------+-------++-------
Melee: Trident           |   139 |    42 ||   181
  Use: Potion            |       |     2 ||     2
       Scroll            |       |     1 ||     1
 Stab: Sleeping          |     4 |       ||     4
